3AAA
BLOOMINGTON LONGNECKS @ TREMONT DOUBLEDAYS
08/17/2028
 
TOP OF THE 1ST
Bloomington Longnecks batting - Pitching for Tremont Doubledays : LHP Mathieu Neri
Pitching: LHP Mathieu Neri
Batting: RHB Gabrio Campoverde 0-0: Ball
1-0: Ball
2-0: Ball
3-0: Called Strike
3-1: Fly out, F8 (Line Drive, 8LM)
Batting: RHB Sean Davis 0-0: Ball
1-0: Hit by Pitch
Batting: LHB Shahid Afridi 0-0: Called Strike
Sean Davis steals 2nd base
0-1: Ball
1-1: DOUBLE (Flyball, 89D)
Sean Davis scores
Batting: RHB Carlos Cardona 0-0: Called Strike
0-1: Swinging Strike
0-2: Ball
1-2: SINGLE (Groundball, 6MD)
Shahid Afridi to third
Runner from 3rd tries for Home, throw and OUT!
Batting: LHB Luis Velázquez 0-0: Ground out 5-3 (Groundball, 56S)
Top of the 1st over - 1 run(s), 2 hit(s), 0 error(s), 1 left on base; Bloomington 1 - Tremont 0
BOTTOM OF THE 1ST
Tremont Doubledays batting - Pitching for Bloomington Longnecks : RHP Miguel Cervantes
Pitching: RHP Miguel Cervantes
Batting: SHB Carlos González 0-0: Called Strike
0-1: Ball
1-1: Called Strike
1-2: SINGLE (Flyball, 78M)
Batting: RHB Pablo Ledesma 0-0: Ball
1-0: Swinging Strike
1-1: Foul Ball, location: 2F
1-2: Fly out, F8 (Flyball, 89M)
Batting: RHB Arturo Morales 0-0: Ball
1-0: Called Strike
1-1: Foul Ball, location: 2F
1-2: Grounds into double play, 6-4-3 (Groundball, 6)
Bottom of the 1st over - 0 run(s), 1 hit(s), 0 error(s), 0 left on base; Bloomington 1 - Tremont 0
TOP OF THE 2ND
Bloomington Longnecks batting - Pitching for Tremont Doubledays : LHP Mathieu Neri
Batting: SHB Benedict Patel 0-0: Foul Ball, location: 2F
0-1: Ball
1-1: Swinging Strike
1-2: Ball
2-2: Ground out 6-3 (Groundball, 6)
Batting: RHB Darrell Terwey 0-0: Foul Ball, location: 2F
0-1: Called Strike
0-2: Foul Ball, location: 2F
0-2: Strikes out looking
Batting: LHB Shang-de Zhang 0-0: SINGLE (Line Drive, 4D)
Batting: SHB Mauro López 0-0: Called Strike
0-1: Ball
1-1: Fielders Choice at 2nd, 6-4 (Groundball, 6)
Top of the 2nd over - 0 run(s), 1 hit(s), 0 error(s), 0 left on base; Bloomington 1 - Tremont 0
BOTTOM OF THE 2ND
Tremont Doubledays batting - Pitching for Bloomington Longnecks : RHP Miguel Cervantes
Batting: RHB Otis Brewer 0-0: Ball
1-0: DOUBLE (Line Drive, 7D)
Batting: RHB Alfredo Suárez 0-0: Fly out, F8 (Flyball, 8LM)
Batting: RHB Sang Hong-Do 0-0: Fly out, F2 (Popup, 3S)
Batting: RHB José Olvera 0-0: Foul Ball, location: 2F
0-1: Foul Ball, location: 2F
0-2: Foul Ball, location: 2F
0-2: Ball
1-2: Ball
2-2: Ground out 6-3 (Groundball, 56D)
Bottom of the 2nd over - 0 run(s), 1 hit(s), 0 error(s), 1 left on base; Bloomington 1 - Tremont 0
TOP OF THE 3RD
Bloomington Longnecks batting - Pitching for Tremont Doubledays : LHP Mathieu Neri
Batting: RHB Gabrio Campoverde 0-0: Called Strike
0-1: Fly out, F7 (Flyball, 7)
Batting: RHB Sean Davis 0-0: Called Strike
0-1: Foul Ball, location: 2F
0-2: Ball
1-2: Fly out, F9 (Flyball, 9LS)
Batting: LHB Shahid Afridi 0-0: Called Strike
0-1: Ball
1-1: Ball
2-1: Foul Ball, location: 2F
2-2: Ball
3-2: SINGLE (Line Drive, 6D)
Batting: RHB Carlos Cardona 0-0: Ball
1-0: Called Strike
1-1: Ball
2-1: Fly out, F9 (Flyball, 89M)
Top of the 3rd over - 0 run(s), 1 hit(s), 0 error(s), 1 left on base; Bloomington 1 - Tremont 0
BOTTOM OF THE 3RD
Tremont Doubledays batting - Pitching for Bloomington Longnecks : RHP Miguel Cervantes
Batting: RHB David Pérez 0-0: Ball
1-0: Fly out, F9 (Flyball, 89D)
Batting: RHB Emanuel Bree 0-0: Called Strike
0-1: Called Strike
0-2: Ball
1-2: SOLO HOME RUN (Line Drive, 7D), Distance : 417 ft
Batting: SHB Carlos González 0-0: Foul Ball, location: 2F
0-1: Called Strike
0-2: Strikes out swinging
Batting: RHB Pablo Ledesma 0-0: Foul Ball, location: 2F
0-1: Ball
1-1: Swinging Strike
1-2: Ball
2-2: Fly out, F5 (Popup, 5D)
Bottom of the 3rd over - 1 run(s), 1 hit(s), 0 error(s), 0 left on base; Bloomington 1 - Tremont 1
TOP OF THE 4TH
Bloomington Longnecks batting - Pitching for Tremont Doubledays : LHP Mathieu Neri
Batting: LHB Luis Velázquez 0-0: Ball
1-0: Ball
2-0: Ball
3-0: Called Strike
3-1: Ground out 6-3 (Groundball, 6M)
Batting: SHB Benedict Patel 0-0: SINGLE (Groundball, 5D)
Batting: RHB Darrell Terwey 0-0: Ball
1-0: Swinging Strike
1-1: Ball
Benedict Patel steals 2nd base
2-1: DOUBLE (Line Drive, 7LD)
Benedict Patel scores
Batting: LHB Shang-de Zhang 0-0: Called Strike
0-1: Hit by Pitch
Batting: SHB Mauro López 0-0: Ball
1-0: Ball
2-0: Called Strike
2-1: Foul Ball, location: 2F
2-2: Ball
3-2: DOUBLE (Line Drive, 5D)
Darrell Terwey scores
Shang-de Zhang to third
Batting: RHB Gabrio Campoverde 0-0: Foul Ball, location: 2F
0-1: Ball
1-1: Ball
2-1: Ground out 6-3 (Groundball, 6)
Shang-de Zhang scores
Batting: RHB Sean Davis 0-0: Ball
1-0: Called Strike
1-1: Ball
2-1: Ball
3-1: Called Strike
3-2: Strikes out looking
Top of the 4th over - 3 run(s), 3 hit(s), 0 error(s), 1 left on base; Bloomington 4 - Tremont 1
BOTTOM OF THE 4TH
Tremont Doubledays batting - Pitching for Bloomington Longnecks : RHP Miguel Cervantes
Batting: RHB Arturo Morales 0-0: SINGLE (Groundball, 4MD)
Batting: RHB Otis Brewer 0-0: Called Strike
Arturo Morales steals 2nd base
0-1: Ball
1-1: 2-RUN HOME RUN (Flyball, 7D), Distance : 389 ft
Batting: RHB Alfredo Suárez 0-0: Called Strike
0-1: Ball
1-1: Called Strike
1-2: Foul Ball, location: 2F
1-2: Ball
2-2: DOUBLE (Flyball, 89D)
Batting: RHB Sang Hong-Do 0-0: Swinging Strike
0-1: Foul Ball, location: 2F
0-2: Ball
1-2: Strikes out looking
Batting: RHB José Olvera 0-0: Ball
1-0: Called Strike
1-1: Foul Ball, location: 2F
1-2: Ball
2-2: Ball
3-2: DOUBLE (Flyball, 78D)
Alfredo Suárez scores
Batting: RHB David Pérez 0-0: SINGLE (Groundball, 56D)
José Olvera to third
Runner from 3rd tries for Home, SAFE, no throw
Batting: RHB Emanuel Bree 0-0: Called Strike
David Pérez steals 2nd base
0-1: Swinging Strike
0-2: Strikes out looking
Batting: SHB Carlos González 0-0: Ball
1-0: Ball
2-0: Ball
3-0: Called Strike
3-1: Foul Ball, location: 2F
3-2: DOUBLE (Flyball, 8LXD)
David Pérez scores
Batting: RHB Pablo Ledesma 0-0: Ball
1-0: Ball
2-0: Called Strike
2-1: Ball
3-1: Foul Ball, location: 2F
3-2: Ground out 6-3 (Groundball, 6S)
Bottom of the 4th over - 5 run(s), 6 hit(s), 0 error(s), 1 left on base; Bloomington 4 - Tremont 6
TOP OF THE 5TH
Bloomington Longnecks batting - Pitching for Tremont Doubledays : LHP Mathieu Neri
Batting: LHB Shahid Afridi 0-0: Ball
1-0: Swinging Strike
1-1: Fly out, F8 (Flyball, 8RS)
Batting: RHB Carlos Cardona 0-0: Swinging Strike
0-1: SINGLE (Line Drive, 4MD)
Batting: LHB Luis Velázquez 0-0: Ball
1-0: Foul Ball, location: 2F
1-1: Grounds into double play, 5-4-3 (Groundball, 56)
Top of the 5th over - 0 run(s), 1 hit(s), 0 error(s), 0 left on base; Bloomington 4 - Tremont 6
BOTTOM OF THE 5TH
Tremont Doubledays batting - Pitching for Bloomington Longnecks : RHP Miguel Cervantes
Pitching: RHP Logan Gregory
Batting: RHB Arturo Morales 0-0: Swinging Strike
0-1: Called Strike
0-2: Strikes out swinging
Batting: RHB Otis Brewer 0-0: Swinging Strike
0-1: Ball
1-1: Called Strike
1-2: Strikes out swinging
Batting: RHB Alfredo Suárez 0-0: Ball
1-0: Ball
2-0: SINGLE (Flyball, 8RS)
Batting: RHB Sang Hong-Do 0-0: Ground out 4-3 (Groundball, 34)
Bottom of the 5th over - 0 run(s), 1 hit(s), 0 error(s), 1 left on base; Bloomington 4 - Tremont 6
TOP OF THE 6TH
Bloomington Longnecks batting - Pitching for Tremont Doubledays : LHP Mathieu Neri
Batting: SHB Benedict Patel 0-0: Ball
1-0: Foul Ball, location: 2F
1-1: Swinging Strike
1-2: Ball
2-2: Reached on error, E5 (Groundball, 5S)
Batting: RHB Darrell Terwey 0-0: Ball
1-0: Ball
2-0: Bunted foul
2-1: Bunt missed!
2-2: Foul Ball, location: 2F
2-2: Ball
3-2: Fly out, F7 (Flyball, 78S)
Batting: LHB Shang-de Zhang 0-0: Called Strike
0-1: Ball
1-1: Called Strike
1-2: Fly out, F6 (Popup, 6MD)
Batting: SHB Mauro López 0-0: Ball
1-0: Called Strike
1-1: Called Strike
1-2: Fly out, F8 (Flyball, 8LD)
Top of the 6th over - 0 run(s), 0 hit(s), 1 error(s), 1 left on base; Bloomington 4 - Tremont 6
BOTTOM OF THE 6TH
Tremont Doubledays batting - Pitching for Bloomington Longnecks : RHP Logan Gregory
Batting: RHB José Olvera 0-0: Ball
1-0: Ball
2-0: Ball
3-0: Called Strike
3-1: Swinging Strike
3-2: Ground out 6-3 (Groundball, 6S)
Batting: RHB David Pérez 0-0: Ball
1-0: Fly out, F9 (Line Drive, 89M)
Batting: RHB Emanuel Bree 0-0: Ball
1-0: Swinging Strike
1-1: Swinging Strike
1-2: Ball
2-2: Ball
3-2: Strikes out swinging
Bottom of the 6th over - 0 run(s), 0 hit(s), 0 error(s), 0 left on base; Bloomington 4 - Tremont 6
TOP OF THE 7TH
Bloomington Longnecks batting - Pitching for Tremont Doubledays : LHP Mathieu Neri
Batting: RHB Gabrio Campoverde 0-0: Ball
1-0: Ball
2-0: Foul Ball, location: 2F
2-1: Swinging Strike
2-2: Ball
3-2: Base on Balls
Pitching: LHP Denis Melis
Batting: RHB Sean Davis 0-0: Ball
1-0: Called Strike
1-1: Ball
2-1: Swinging Strike
2-2: Ground out 5-3 (Groundball, 56S)
Gabrio Campoverde to second
Batting: LHB Shahid Afridi 0-0: Foul Ball, location: 2F
0-1: Swinging Strike
0-2: Ball
1-2: Strikes out looking
Batting: RHB Carlos Cardona 0-0: Ball
1-0: Called Strike
1-1: Ground out 4-3 (Groundball, 4)
Top of the 7th over - 0 run(s), 0 hit(s), 0 error(s), 1 left on base; Bloomington 4 - Tremont 6
BOTTOM OF THE 7TH
Tremont Doubledays batting - Pitching for Bloomington Longnecks : RHP Logan Gregory
Batting: SHB Carlos González 0-0: Called Strike
0-1: Ball
1-1: Ball
2-1: Foul Ball, location: 2F
2-2: Foul Ball, location: 2F
2-2: Foul Ball, location: 2F
2-2: Strikes out swinging
Batting: RHB Pablo Ledesma 0-0: Ball
1-0: Foul Ball, location: 2F
1-1: Ball
2-1: Ground out 6-3 (Groundball, 56)
Batting: RHB Arturo Morales 0-0: Ball
1-0: Foul Ball, location: 2F
1-1: Called Strike
1-2: Strikes out looking
Bottom of the 7th over - 0 run(s), 0 hit(s), 0 error(s), 0 left on base; Bloomington 4 - Tremont 6
TOP OF THE 8TH
Bloomington Longnecks batting - Pitching for Tremont Doubledays : LHP Denis Melis
Batting: LHB Luis Velázquez 0-0: Foul Ball, location: 2F
0-1: Called Strike
0-2: Ball
1-2: Strikes out swinging
Batting: SHB Benedict Patel 0-0: Ball
1-0: Ball
2-0: Ball
3-0: Called Strike
3-1: Foul Ball, location: 2F
3-2: Ground out 6-3 (Groundball, 6D)
Batting: RHB Darrell Terwey 0-0: Ball
1-0: Foul Ball, location: 2F
1-1: Foul Ball, location: 2F
1-2: Fly out, F9 (Flyball, 9LM)
Top of the 8th over - 0 run(s), 0 hit(s), 0 error(s), 0 left on base; Bloomington 4 - Tremont 6
BOTTOM OF THE 8TH
Tremont Doubledays batting - Pitching for Bloomington Longnecks : RHP Logan Gregory
Batting: RHB Otis Brewer 0-0: Ball
1-0: Swinging Strike
1-1: Foul Ball, location: 2F
1-2: Strikes out swinging
Batting: RHB Alfredo Suárez 0-0: Swinging Strike
0-1: Foul Ball, location: 2F
0-2: Fly out, F7 (Flyball, 78M)
Batting: RHB Sang Hong-Do 0-0: Called Strike
0-1: Called Strike
0-2: Ball
1-2: Ball
2-2: Foul Ball, location: 2F
2-2: Ball
3-2: Foul Ball, location: 2F
3-2: Fly out, F9 (Flyball, 9D)
Bottom of the 8th over - 0 run(s), 0 hit(s), 0 error(s), 0 left on base; Bloomington 4 - Tremont 6
TOP OF THE 9TH
Bloomington Longnecks batting - Pitching for Tremont Doubledays : LHP Denis Melis
Pitching: LHP Mario Hurrado
Batting: LHB Shang-de Zhang 0-0: Ball
1-0: Foul Ball, location: 2F
1-1: Ground out U3 (Groundball, 3L)
Batting: SHB Mauro López 0-0: Foul Ball, location: 2F
0-1: Foul Ball, location: 2F
0-2: Foul Ball, location: 2F
0-2: Ball
1-2: Foul Ball, location: 2F
1-2: Ball
2-2: DOUBLE (Groundball, 5L)
Batting: RHB Gabrio Campoverde 0-0: Ball
1-0: Ball
2-0: Foul Ball, location: 2F
2-1: Ball
3-1: Ground out 6-3 (Groundball, 56)
Batting: RHB Sean Davis 0-0: Called Strike
0-1: Ball
1-1: Ball
2-1: SINGLE (Line Drive, 6MD)
Mauro López to third
Runner from 3rd tries for Home, SAFE, throw made home
Sean Davis to second
Pinch Hitting: RHB Mark Smiley 0-0: Called Strike
0-1: Fly out, F2 (Popup, 23)
Top of the 9th over - 1 run(s), 2 hit(s), 0 error(s), 1 left on base; Bloomington 5 - Tremont 6
Friday, August 25th, 2017 - OOTP Baseball 17.12 Build 75